 Dungeon Crawl Stone Soup version 0.29.1-15-g9cfb28693d (webtiles) character file.

Game seed: 1615156097502764118

15778 protoss039 the Covert (level 12, -6/72 HPs)
             Began as a Vampire Enchanter on Mar 27, 2023.
             Was a Priest of Dithmenos.
             Mangled by a troll (12 damage)
             ... on level 12 of the Dungeon.
             The game lasted 00:28:54 (14291 turns).

protoss039 the Covert (Vampire Enchanter)          Turns: 14291, Time: 00:28:55

Health: -6/72      AC:  8    Str:  7    XL:     12   Next: 4%
Magic:  5/19       EV: 18    Int: 17    God:    Dithmenos [***...]
Gold:   588        SH: 10    Dex: 20    Spells: 8/21 levels left

rFire   . . .      SeeInvis +   H - +1 dagger (venom)
rCold   + + +      Faith    .   O - +0 kite shield
rNeg    + + +      Spirit   .   T - +2 robe {rC+}
rPois   ∞          Reflect  .   h - +0 helmet
rElec   .          Harm     .   w - +0 cloak
rCorr   .          Rampage  .   J - +0 pair of gloves
Will    +....                   k - +0 pair of boots Stlth *+++++++++
                                (no amulet)
HPRegen 0.00/turn               i - +4 ring of evasion
MPRegen 0.16/turn               b - +4 ring of slaying

@: very slightly contaminated, bloodless, inhibited regen, wreathed by umbra
A: bloodless, fangs 3, see invisible, vampiric 2
a: Bat Form, Revivify, Renounce Religion, Shadow Step


You were on level 12 of the Dungeon.
You worshipped Dithmenos.
Dithmenos was most pleased with you.
You visited 2 branches of the dungeon, and saw 13 of its levels.

You collected 648 gold pieces.
You spent 60 gold pieces at shops.

Inventory:

Hand Weapons
 q - a +1 dagger of draining
 y - a +1 dagger of electrocution
 H - a +1 dagger of venom (weapon)
 S - a +1 scimitar of flaming
Missiles
 m - 4 throwing nets (quivered)
 G - 21 poisoned darts
 P - 6 atropa-tipped darts
Armour
 h - a +0 helmet (worn)
 k - a +0 pair of boots (worn)
 w - a +0 cloak (worn)
 J - a +0 pair of gloves (worn)
 O - a +0 kite shield (worn)
 T - a +2 robe of cold resistance (worn)
Jewellery
 b - a +4 ring of slaying (right hand)
 i - a +4 ring of evasion (left hand)
 R - the ring of Xagaumnathra {Fire rCorr Dex+2}
   (You found it on level 11 of the Dungeon)

   [ring of fire]

   It enhances your fire magic.
   Dex:       It affects your dexterity (+2).
   rF:        It protects you from fire.
   rC:        It makes you vulnerable to cold.
   rCorr:     It protects you from acid and corrosion.
Wands
 a - a wand of mindburst (4)
 B - a wand of roots (10)
 E - a wand of flame (23)
 F - a wand of acid (7)
 M - a wand of polymorph (10)
 N - a wand of digging (5)
Scrolls
 d - a scroll of identify
 f - 2 scrolls of enchant weapon {unknown}
 g - 3 scrolls of teleportation
 l - 3 scrolls of immolation
 n - 4 scrolls of enchant armour
 p - a scroll of torment {unknown}
 r - 2 scrolls of magic mapping {unknown}
 t - 2 scrolls of amnesia
 u - 2 scrolls of poison {unknown}
 x - 3 scrolls of blinking
 D - 2 scrolls of fear {unknown}
Potions
 c - 4 potions of invisibility
 e - 3 potions of curing
 j - 2 potions of attraction {unknown}
 o - 4 potions of lignification
 s - a potion of flight {unknown}
 v - 3 potions of mutation {unknown}
 z - 3 potions of cancellation
 A - 2 potions of resistance
 C - 2 potions of berserk rage {unknown}
 I - 2 potions of haste
 K - 3 potions of degeneration {unknown}
 L - 2 potions of ambrosia {unknown}
 Q - a potion of might {unknown}


   Skills:
 * Level 7.3 Fighting
 + Level 5.5 Short Blades
 - Level 3.0 Throwing
 - Level 3.0 Armour
 + Level 6.5 Dodging
 * Level 13.0 Stealth
 * Level 3.4 Shields
 + Level 5.3 Spellcasting
 - Level 3.0 Conjurations
 + Level 7.3 Hexes
 + Level 4.3 Transmutations
 + Level 3.9 Ice Magic
 + Level 4.1 Earth Magic
 * Level 4.8 Invocations
 - Level 3.0 Evocations


You had 8 spell levels left.
You knew the following spells:

 Your Spells              Type           Power      Damage    Failure   Level
a - Ensorcelled Hibernat  Hex/Ice        46%        N/A       6%          2
b - Confusing Touch       Hex            29%        N/A       6%          3
c - Tukima's Dance        Hex            29%        N/A       6%          3
d - Passwall              Tmut/Erth      15%        N/A       12%         2
e - Dazzling Flash        Conj/Hex       44%        N/A       16%         3

Your spell library contained the following spells:

 Spells                   Type           Power      Damage    Failure   Level
 Sandblast                Erth           36%        2d10      8%          1
 Ozocubu's Armour         Ice            17%        N/A       26%         3
 Stone Arrow              Conj/Erth      32%        3d9       30%         3
 Static Discharge         Conj/Air       9%         3-5/arc   34%         2
 Metabolic Englaciation   Hex/Ice        11%        N/A       75%         5
 Gell's Gravitas          Tloc           4%         N/A       78%         3
 Lesser Beckoning         Tloc           4%         N/A       78%         3
 Teleport Other           Tloc           4%         N/A       78%         3
 Sticky Flame             Conj/Fire      9%         2d3       93%         4
 Dispel Undead            Necr           4%         3d7       99%         4
 Simulacrum               Ice/Necr       5%         N/A       100%        6
 Chain Lightning          Conj/Air       4%         3d6       100%        9
 Fire Storm               Conj/Fire      4%         8d1       100%        9
 Shatter                  Erth           9%         3d11*     100%        9


Dungeon Overview and Level Annotations

Branches:
Dungeon (12/15) Zot: 26514  Temple (1/1) D:7 Zot: 5941    Lair (0/5) D:10
    Orc (0/2) D:10

Altars:
Ashenzari
Cheibriados
Dithmenos
Fedhas
Gozag
Hepliaklqana
Kikubaaqudgha
Makhleb
Nemelex Xobeh
Okawaru
Qazlal
Ru
Sif Muna
Trog
Uskayaw
Vehumet
Wu Jian
Xom
Yredelemnul

Shops:
D:3 !   D:9 :   D:10 (

Annotations:
D:4 3 runed translucent doors, diceflayer's ghost, amateur DsHu
D:5 2 transporters


Innate Abilities, Weirdness & Mutations

You do not regenerate when monsters are visible.
You are frail without blood (-20% HP).
You can heal yourself when you bite living creatures.
You are immune to poison.
You have razor-sharp teeth.
You have supernaturally acute eyesight. (SInv)
You are afflicted with vampirism and can become a bat while bloodless.


Message History

The cyclops throws a large rock.
You block the large rock. The troll bites you. You block the troll's attack.
The troll claws you.
Unknown command.
Casting: Ensorcelled Hibernation (safe; 6% risk of failure)
Confirm with . or Enter, or press ? or * to list all spells.
Aiming: Ensorcelled Hibernation (safe; 6% risk of failure)
Press: ? - help, Shift-Dir - straight line, f/p - troll
Aim: a troll (umbra, chance to affect: 55%)
The troll resists with significant effort.
You block the troll's attack. The troll closely misses you.
The troll claws you.
Unknown command.
Casting: Ensorcelled Hibernation (safe; 6% risk of failure)
Confirm with . or Enter, or press ? or * to list all spells.
Aiming: Ensorcelled Hibernation (safe; 6% risk of failure)
Press: ? - help, Shift-Dir - straight line, f/p - troll
Aim: a troll (umbra, chance to affect: 55%)
The troll resists with significant effort.
You block the troll's attack. The troll claws you! The troll barely misses you.
Unknown command.
Casting: Ensorcelled Hibernation (safe; 6% risk of failure)
Confirm with . or Enter, or press ? or * to list all spells.
Your hands begin to glow red.
You block the troll's attack. The troll completely misses you. x2
You hit the troll but do no damage.
The troll appears confused.
You bite the troll.
You draw the troll's blood!
You feel better.
The troll is lightly wounded.
The troll barely misses the cyclops.
The troll claws the cyclops.
The troll barely misses the cyclops.
The cyclops hits you!!
Unknown command.
You barely miss the troll.
The troll is lightly wounded.
Unknown command.
You hit the troll.
The troll is poisoned.
You bite the troll!
You draw the troll's blood!
You feel better.
The troll is moderately wounded.
The cyclops hits you!!
* * * LOW HITPOINT WARNING * * *
The troll bites you!
You die...

#### ############.#
....................#
....<>........†.....#
# #..........†####.#
# #..#######..# #.# #
#..# #..# #.#
####..#######..####.#
.................T..#
................@...#
###..............C..#
#...######...####.#
#<..# #...# # #...#
#...# .....# #....
####### ####


You could see a cyclops and a troll (confused, very poisoned).

Vanquished Creatures
  A boulder beetle (D:12)
  Harold (D:10)
  Erica (D:11)
  2 centaur warriors
  2 two-headed ogres
  A tengu warrior (D:9)
  Pikel (D:7)
  A cyclops (D:12)
  A manticore (D:12)
  Maurice (D:8)
  2 komodo dragons (D:10)
  5 trolls
  Grinder (D:4)
  A hornet (D:9)
  2 wyverns
  3 shadows
  14 yaks
  Grum (D:8)
  A steam dragon (D:7)
  Menkaure (D:7)
  A dancing weapon (D:10)
  An acid dragon (D:10)
  3 water moccasins (D:9)
  4 orc warriors
  A black bear (D:4)
  4 wolves (D:8)
  An ogre (D:5)
  7 centaurs
  A phantom (D:7)
  4 lemures (D:7)
  A bullfrog (D:9)
  A kobold brigand (D:9)
  A necrophage (D:7)
  4 gnoll sergeants
  4 scorpions
  5 wights
  5 killer bees (D:9)
  3 howler monkeys
  4 hounds
  4 orc priests
  A gnoll bouda (D:8)
  Crazy Yiuf (D:3)
  Jessica (D:3)
  8 iguanas
  Ijyb (D:3)
  Terence (D:2)
  Natasha (twice) (D:2)
  11 orc wizards
  21 gnolls
  6 adders
  A shadow imp (D:7)
  2 white imps (D:8)
  4 ufetubi
  A worm (D:2)
  2 dart slugs
  46 orcs
  5 endoplasms
  4 giant cockroaches
  7 goblins
  6 hobgoblins
  7 jackals
  A quokka (D:2)
  6 ball pythons
  A bat (D:2)
  4 frilled lizards
  11 kobolds
  6 rats
269 creatures vanquished.

Vanquished Creatures (collateral kills)
  An orc (D:9)
1 creature vanquished.

Vanquished Creatures (others)
  9 dancing weapons
  29 plants (D:10)
38 creatures vanquished.

Grand Total: 308 creatures vanquished

Notes
Turn   | Place    | Note
-------+----------+-------------------------------------------
     0 | D:1      | protoss039 the Vampire Enchanter began the quest for the
                  | Orb.
     0 | D:1      | Reached XP level 1. HP: 13/13 MP: 3/3
   368 | D:1      | Reached XP level 2. HP: 19/20 MP: 5/5
   410 | D:1      | Learned a level 2 spell: Ensorcelled Hibernation
   977 | D:2      | Noticed Natasha
   992 | D:2      | Killed Natasha
   993 | D:2      | Reached skill level 1 in Fighting
   993 | D:2      | Reached skill level 5 in Stealth
   993 | D:2      | Gained mutation: You are afflicted with vampirism and can
                  | become a bat while bloodless. [Vampire growth]
   993 | D:2      | Reached XP level 3. HP: 5/26 MP: 1/6
  1556 | D:2      | Noticed Natasha
  1560 | D:2      | Killed Natasha
  1561 | D:2      | Reached XP level 4. HP: 17/25 MP: 4/7
  1679 | D:2      | Noticed Terence
  1682 | D:2      | Killed Terence
  1871 | D:2      | Reached skill level 5 in Hexes
  1897 | D:2      | Learned a level 3 spell: Confusing Touch
  2131 | D:3      | Reached skill level 1 in Ice Magic
  2264 | D:3      | Noticed Ijyb
  2281 | D:3      | Killed Ijyb
  2282 | D:3      | Reached XP level 5. HP: 24/30 MP: 2/8
  2618 | D:3      | Found Buixtes's Distillery.
  2639 | D:3      | Bought a potion of heal wounds for 60 gold pieces
  2724 | D:3      | Noticed Jessica
  2730 | D:3      | Killed Jessica
  2731 | D:3      | Reached skill level 6 in Stealth
  2762 | D:3      | Found a runed translucent door.
  2763 | D:3      | Noticed Crazy Yiuf
  2979 | D:3      | Killed Crazy Yiuf
  3034 | D:3      | Learned a level 3 spell: Tukima's Dance
  3041 | D:4      | Reached XP level 6. HP: 35/35 MP: 9/9
  3047 | D:4      | Noticed diceflayer's ghost (amateur DsHu)
  3048 | D:4      | Found a runed translucent gate.
  3050 | D:4      | Found a runed translucent gate.
  3065 | D:4      | Found a runed translucent gate.
  3444 | D:4      | Noticed Grinder
  3510 | D:4      | Paralysed by Grinder for 2 turns
  3525 | D:4      | Killed Grinder
  3526 | D:4      | Reached skill level 1 in Throwing
  3526 | D:4      | Reached skill level 7 in Stealth
  3526 | D:4      | Reached XP level 7. HP: 35/41 MP: 8/11
  4096 | D:4      | Learned a level 3 spell: Dazzling Flash
  4100 | D:5      | Entered Level 5 of the Dungeon
  4148 | D:5      | Found a blossoming altar of Fedhas.
  4419 | D:5      | Found a transporter.
  4421 | D:5      | Found a transporter.
  4424 | D:5      | Noticed a shadow
  4425 | D:5      | Noticed a wyvern
  4500 | D:4      | Reached skill level 8 in Stealth
  4726 | D:5      | Reached XP level 8. HP: 40/47 MP: 7/12
  4729 | D:5      | Found a radiant altar of Vehumet.
  4817 | D:5      | Noticed a +0 short sword
  4818 | D:5      | Noticed a +0 falchion
  4818 | D:5      | Noticed a +0 dagger
  4818 | D:5      | Noticed a +0 spear
  4818 | D:5      | Noticed a +0 short sword
  4819 | D:5      | Noticed a +0 dagger
  4819 | D:5      | Noticed a +0 spear
  4819 | D:5      | Noticed a +0 falchion
  4830 | D:5      | Found a hide-covered altar of Uskayaw.
  5564 | D:5      | Reached skill level 1 in Conjurations
  5871 | D:6      | Found a bloodstained altar of Trog.
  6475 | D:6      | Reached skill level 9 in Stealth
  7360 | D:7      | Noticed Menkaure
  7365 | D:7      | Killed Menkaure
  7383 | D:7      | Reached XP level 9. HP: 53/53 MP: 14/14
  7446 | D:7      | Reached skill level 5 in Fighting
  7454 | D:7      | Reached skill level 10 in Stealth
  7579 | D:7      | Learned a level 2 spell: Passwall
  7696 | D:7      | Found a staircase to the Ecumenical Temple.
  7721 | Temple   | Entered the Ecumenical Temple
  7766 | Temple   | Became a worshipper of Dithmenos the Shadowed
  7826 | D:7      | Noticed Pikel
  7850 | D:7      | Killed Pikel
  7851 | D:7      | Reached skill level 5 in Dodging
  7851 | D:7      | Reached skill level 1 in Transmutations
  7851 | D:7      | Reached skill level 1 in Earth Magic
  7851 | D:7      | Reached skill level 1 in Invocations
  8620 | D:8      | Noticed Grum
  8631 | D:8      | Reached skill level 1 in Evocations
  8637 | D:8      | Killed Grum
  9108 | D:8      | Found a burning altar of Makhleb.
  9234 | D:8      | Reached * piety under Dithmenos
  9257 | D:7      | HP: 2/54 [orc warrior/+0 war axe (12)]
  9541 | D:8      | Found a shimmering altar of Xom.
  9553 | D:8      | Found a broken altar of Ashenzari.
  9743 | D:8      | Noticed Maurice
 10207 | D:8      | Killed Maurice
 10208 | D:8      | Reached skill level 11 in Stealth
 10208 | D:8      | Reached XP level 10. HP: 60/60 MP: 13/16
 10587 | D:9      | Found Geshibis's Vocational Training.
 10604 | D:9      | Reached ** piety under Dithmenos
 10836 | D:9      | Noticed a tengu warrior
 10848 | D:9      | Killed a tengu warrior
 11708 | D:9      | Noticed a centaur warrior
 11714 | D:9      | Killed a centaur warrior
 11715 | D:9      | Reached skill level 1 in Shields
 11748 | D:9      | Reached skill level 1 in Armour
 11838 | D:10     | Entered Level 10 of the Dungeon
 11884 | D:10     | Found a staircase to the Orcish Mines.
 12062 | D:10     | Noticed a two-headed ogre
 12069 | D:10     | Killed a two-headed ogre
 12070 | D:10     | Reached skill level 12 in Stealth
 12140 | D:10     | Found Depuosot's Weapon Boutique.
 12182 | D:10     | Reached XP level 11. HP: 66/66 MP: 15/18
 12289 | D:10     | Found a staircase to the Lair.
 12337 | D:10     | Noticed Harold
 12340 | D:10     | Killed Harold
 12478 | D:10     | Reached skill level 5 in Spellcasting
 12850 | D:10     | Reached skill level 5 in Short Blades
 13019 | D:11     | Identified the ring of Xagaumnathra {Fire rCorr Dex+2}
 13050 | D:11     | Noticed Erica
 13061 | D:11     | Killed Erica
 13172 | D:11     | Reached *** piety under Dithmenos
 13288 | D:11     | Noticed a centaur warrior
 13290 | D:11     | Killed a centaur warrior
 13429 | D:11     | Noticed a two-headed ogre
 13436 | D:11     | Killed a two-headed ogre
 14046 | D:12     | Noticed a boulder beetle
 14051 | D:12     | Noticed a deep elf pyromancer
 14067 | D:12     | Killed a boulder beetle
 14274 | D:12     | Reached skill level 13 in Stealth
 14274 | D:12     | Reached XP level 12. HP: 72/72 MP: 19/19
 14291 | D:12     | Mangled by a troll

Illustrated notes

Levels and vault maps discovered:
D:1:      dpeg_arrival_oval, layout_basic
D:2:      layout_loops_ring, uniq_natasha, uniq_terence
D:3:      layout_loops_ring, serial_shops,
          nicolae_shop_temple_entry_statues_fountains, grunt_decor_cap,
          uniq_ijyb, uniq_crazy_yiuf_cottage, uniq_jessica
D:4:      layout_basic, zin_statuary, gammafunk_ghost_split, uniq_grinder
D:5:      layout_gridville, gammafunk_temple_overflow_arena,
          nicolae_uskayaw_en_pointe, fedhas_bush_and_centaur_altar
D:6:      layout_cave_pods, lemuel_crystal_altar
D:7:      layout_gridville, minmay_temple_entry_gardened_gates, st_stairs_7,
          uniq_menkaure, uniq_pikel
D:8:      layout_basic, old_standard_altar, mainiacjoe_overflow_large_starburst,
          minmay_misc_feat_encased, minmay_orc_keep, uniq_grum, uniq_maurice
D:9:      layout_basic, nicolae_shop_vocational
D:10:     layout_roguey, david_lair_shrubbed, david_orc_2, serial_shops,
          nicolae_shop_advertising_works [nicolae_subvault_shop_adworks],
          uniq_harold
D:11:     layout_loops_ring, serial_park_tiny_pond, uniq_erica
D:12:     layout_small_grid
Temple:   nicolae_temple_god_jail

Skill      XL: |  1  2  3  4  5  6  7  8  9 10 11 |
---------------+----------------------------------+-----
Fighting       | 1 2 3 4 5 6 7 |  7.3
Stealth        | 5 6 7 8 9 11 12 13 | 13.0
Short Blades   | 2 3 4 5 |  5.5
Hexes          | 5 6 7 |  7.3
Ice Magic      | 1 2 3 |  3.9
Dodging        | 3 4 5 6 |  6.5
Throwing       | 1 2 3 |  3.0
Spellcasting   | 3 4 5 |  5.3
Conjurations   | 1 2 3 |  3.0
Transmutations | 2 3 4 |  4.3
Earth Magic    | 2 3 4 |  4.1
Invocations    | 2 3 4 |  4.8
Evocations     | 1 2 3 |  3.0
Shields        | 1 3 |  3.4
Armour         | 1 3 |  3.0

Action                   |  1- 3 |  4- 6 |  7- 9 | 10-12 || total
-------------------------+-------+-------+-------+-------++-------
Melee: Dagger            |    72 |   100 |   277 |   170 ||   619
       Punch             |     2 |       |     7 |       ||     9
       Bite              |     1 |    13 |    29 |    16 ||    59
 Cast: Ensorcelled Hiber |     8 |    20 |    97 |    89 ||   214
       Confusing Touch   |       |     3 |    14 |     9 ||    26
       Tukima's Dance    |       |       |    16 |     9 ||    25
       Passwall          |       |       |     1 |     3 ||     4
       Dazzling Flash    |       |       |       |     5 ||     5
 Abil: Exsanguinate      |     1 |       |       |       ||     1
Evoke: Wand              |       |       |     1 |       ||     1
  Use: Potion            |     2 |       |     2 |     1 ||     5
       Scroll            |       |       |     8 |     1 ||     9
 Stab: Sleeping          |    15 |    29 |    70 |    59 ||   173
       Confused          |       |     1 |     5 |     5 ||    11
       Distracted        |       |       |     1 |     1 ||     2
       Invisible         |       |       |       |    10 ||    10
Armor: Robe              |     6 |    20 |    43 |    24 ||    93
Dodge: Dodged            |    34 |    61 |   300 |   244 ||   639
Block: Kite shield       |       |       |       |    92 ||    92
